 Dungeon Crawl Stone Soup version 0.30-a0-726-gd89dcf765f (webtiles) character file.

Game seed: 9995667387538423801

12529 experimilk the Destroyer (level 11, -1/86 HPs)
             Began as a Pale Draconian Conjurer on Jan 30, 2023.
             Was a Priest of Vehumet.
             Killed from afar by a gargoyle (14 damage)
             ... with a stone arrow
             ... on level 11 of the Dungeon.
             The game lasted 00:39:49 (19336 turns).

experimilk the Destroyer (Pale Draconian Conjurer) Turns: 19336, Time: 00:39:50

Health: -1/86      AC:  7    Str: 10    XL:     11   Next: 63%
Magic:  19/21      EV: 12    Int: 23    God:    Vehumet [***...]
Gold:   826        SH:  0    Dex:  9    Spells: 2/23 levels left

rFire   + . .      SeeInvis +    y - +1 trident (venom)
rCold   . . .      Faith    .    (no shield)
rNeg    . . .      Spirit   .    (body armour unavailable)
rPois   .          Reflect  +    (helmet restricted)
rElec   .          Harm     .    (no cloak)
rCorr   .          Rampage  .    (no gloves)
Will    .....                    (no boots)
Stlth   +                        l - amulet of reflection
HPRegen 0.34/turn                x - ring of protection from fire
MPRegen 0.17/turn                t - ring of see invisible

@: confused, ambrosia-drunk
A: breathe steam, AC +7, unfitting armour, cold-blooded, steam resistance
a: Breathe Steam, Renounce Religion


You were on level 11 of the Dungeon.
You worshipped Vehumet.
Vehumet was most pleased with you.
You visited 2 branches of the dungeon, and saw 12 of its levels.
You also visited: Ossuary.

You collected 826 gold pieces.

Inventory:

Hand Weapons
 b - a +0 trident
 y - a +1 trident of venom (weapon)
Magical Staves
 u - a staff of poison
Jewellery
 g - a ring of fire
 k - a ring of positive energy
 l - an amulet of reflection (around neck)
 s - a ring of resist corrosion
 t - a ring of see invisible (right hand)
 x - a ring of protection from fire (left hand)
 C - a ring of flight
 D - an amulet of guardian spirit
Wands
 q - a wand of mindburst (2)
 v - a wand of flame (10)
 w - a wand of iceblast (11)
 F - a wand of polymorph (14)
 I - a wand of light (11)
 P - a wand of paralysis (2)
Scrolls
 a - 2 scrolls of blinking
 e - a scroll of teleportation
 f - 2 scrolls of amnesia {unknown}
 h - 2 scrolls of fog {unknown}
 i - 4 scrolls of magic mapping
 n - 2 scrolls of silence {unknown}
 r - 2 scrolls of noise {unknown}
 G - a scroll of enchant weapon {unknown}
 H - 2 scrolls of poison {unknown}
 K - a scroll of enchant armour {unknown}
 M - a scroll of fear {unknown}
 N - a scroll of summoning {unknown}
 O - a scroll of torment {unknown}
Potions
 c - a potion of ambrosia
 d - 2 potions of attraction
 j - 2 potions of might
 m - 2 potions of heal wounds {unknown}
 o - 3 potions of curing
 p - a potion of lignification {unknown}
 z - a potion of flight {unknown}
 A - 2 potions of degeneration {unknown}
 B - 2 potions of haste
 E - a potion of resistance {unknown}
 J - a potion of cancellation {unknown}
 L - a potion of mutation {unknown}


   Skills:
 - Level 5.0 Fighting
 - Level 1.7 Dodging
 - Level 1.7 Stealth
 * Level 6.7 Spellcasting
 - Level 13.0 Conjurations
 - Level 6.3 Fire Magic
 - Level 6.8 Air Magic
 - Level 4.6 Poison Magic
 - Level 6.0 Evocations


You had 2 spell levels left.
You knew the following spells:

 Your Spells              Type           Power      Damage    Failure   Level
a - Olgreb's Toxic Radia  Pois           28%        N/A       3%          4
b - Magic Dart            Conj           100%       1d8       1%          1
f - Ignite Poison         Fire/Tmut/Pois 24%        N/A       1%          3
m - Sticky Flame          Conj/Fire      51%        2d7       1%          4
p - Shock                 Conj/Air       100%       1d9       1%          1
s - Poisonous Vapours     Pois/Air       68%        N/A       1%          2
x - Iskenderun's Mystic   Conj/Tloc      37%        2d9       1%          4
z - Searing Ray           Conj           100%       2d8       1%          2

Your spell library contained the following spells:

 Spells                   Type           Power      Damage    Failure   Level
 Airstrike                Air            19%        2d(3-19)  1%          4
 Sting                    Tmut/Pois      72%        1d6       3%          1
 Dazzling Flash           Conj/Hex       74%        N/A       1%          3
 Fulminant Prism          Conj/Hex       18%        3d10      1%          4
 Frozen Ramparts          Ice            14%        1d3       7%          3
 Silence                  Hex/Air        11%        N/A       47%         5
 Ice Form                 Ice/Tmut       7%         N/A       61%         4
 Summon Ice Beast         Ice/Summ       7%         N/A       61%         4
 Agony                    Necr           7%         N/A       91%         5
 Ignition                 Fire           18%        3d7       100%        8


Dungeon Overview and Level Annotations

Branches:
Dungeon (11/15)            Temple (1/1) D:5            Lair (0/5) D:11
    Orc (0/2) D:10        Ossuary (visited)

Altars:
Ashenzari
Cheibriados
Dithmenos
Elyvilon
Fedhas
Gozag
Hepliaklqana
Kikubaaqudgha
Makhleb
Nemelex Xobeh
Okawaru
Qazlal
Ru
Sif Muna
Trog
Uskayaw
Vehumet
Wu Jian
Xom
Yredelemnul
Zin
The Shining One

Shops:
D:6 [

Annotations:
D:11 Lodul


Innate Abilities, Weirdness & Mutations

You can breathe blasts of scalding, opaque steam.
Your pale cyan-grey scales are hard. (AC +7)
You cannot fit into any form of body armour.
You are cold-blooded and may be slowed by cold attacks.
You are immune to the effects of steam.


Message History

Aiming: Searing Ray (safe; 1% risk of failure)
Press: ? - help, Shift-Dir - straight line, f/p - gargoyle
Aim: a gargoyle, wielding a +0 dire flail (lightly damaged, 92% to hit)
The searing ray hits the gargoyle but does no damage.
The gargoyle is lightly damaged. (Press . to maintain the ray.)
The gargoyle hurls a stone arrow at you.
The stone arrow hits you!
The searing ray hits the gargoyle but does no damage.
The gargoyle is lightly damaged.
The searing ray misses the gargoyle.
The gargoyle hurls a stone arrow at you.
The stone arrow hits you!!
The searing ray hits the gargoyle!
The gargoyle is heavily damaged.
You finish channelling your searing ray.
The gargoyle hits you with a +0 dire flail!
* * * LOW HITPOINT WARNING * * *
Casting: Searing Ray (safe; 1% risk of failure)
Confirm with . or Enter, or press ? or * to list all spells.
You erupt in a blast of force!
The mystic blast hits the gargoyle.
The gargoyle is severely damaged.
The gargoyle is knocked back by the mystic blast.
Blink to where?
Press: ? - help, Q - select action, (/) - cycle Dir - move target, p - gargoyle
As you read the scroll of blinking, it crumbles to dust.
As you read the scroll of teleportation, it crumbles to dust.
You feel strangely unstable.
You are confused.
You feel invigorated.
The gargoyle hurls a stone arrow at you.
The stone arrow hits you.
* * * LOW HITPOINT WARNING * * *
You bump into the rock wall.
Your surroundings seem slightly different.
The gargoyle hits you with a +0 dire flail!!
* * * LOW HITPOINT WARNING * * *
The gargoyle hurls a stone arrow at you.
The stone arrow hits you!
You die...

#.. ..## ## #..# ...
#..# ... #..## ....
###..# ##.... ....
###.#..###...........
##....#.##............
#....@#..#............
#.....#..#............
##....9##.#............
#......##..............
##.....##.............[
##.######.............
#ยง#~# #.............
###~#######........(.
#~~~###~#..........


You could see a gargoyle.

Vanquished Creatures
  Snorg (D:10)
  A two-headed ogre (D:9)
  A cyclops (D:11)
  2 gargoyles (D:10)
  An unseen horror (D:10)
  Psyche (D:8)
  3 komodo dragons
  2 trolls
  A hornet (D:9)
  A spriggan (D:10)
  2 wyverns
  9 yaks
  Grum (D:5)
  3 steam dragons
  5 water moccasins
  2 acid dragons
  Duvessa (D:4)
  An orc warrior (D:11)
  2 ice beasts
  4 black bears
  2 sky beasts
  9 ogres
  A wolf (D:5)
  A phantom (D:5)
  3 centaurs
  An elf zombie (Ossuary)
  8 bullfrogs
  A kobold brigand (D:8)
  3 necrophages
  3 gnoll sergeants
  3 scorpions
  8 wights
  Dowan (D:4)
  9 killer bees
  2 howler monkeys (D:10)
  10 hounds (D:5)
  4 jellies
  2 orc priests
  A gnoll bouda (D:5)
  8 iguanas
  6 orc wizards
  2 mummies (Ossuary)
  17 gnolls
  5 adders
  2 shadow imps
  A white imp (D:5)
  7 dart slugs
  17 orcs
  6 ball pythons
  8 endoplasms
  6 giant cockroaches
  12 goblins
  9 hobgoblins
  5 jackals
  16 kobolds
  4 quokkas
  3 bats
  A frilled lizard (D:3)
  3 gnoll zombies (Ossuary)
  6 goblin zombies (Ossuary)
  2 hobgoblin zombies (Ossuary)
  2 orc zombies (Ossuary)
  6 rats
  A spectral orc (D:6)
271 creatures vanquished.

Vanquished Creatures (others)
  52 fungi
  45 plants (D:11)
97 creatures vanquished.

Grand Total: 368 creatures vanquished

Notes
Turn   | Place    | Note
-------+----------+-------------------------------------------
     0 | D:1      | experimilk the Draconian Conjurer began the quest for the
                  | Orb.
     0 | D:1      | Reached XP level 1. HP: 14/14 MP: 3/3
   314 | D:1      | Reached XP level 2. HP: 20/20 MP: 3/5
   571 | D:1      | Learned a level 2 spell: Searing Ray
  1040 | D:1      | Reached XP level 3. HP: 26/26 MP: 2/6
  1990 | D:2      | Reached skill level 5 in Conjurations
  2514 | D:2      | Reached XP level 4. HP: 33/33 MP: 5/8
  2673 | D:2      | Found the +9 scales of the Dragon King {rPois rF+ rC+
                  | Will+}
  3359 | D:3      | Identified the +4 hand axe "Goblinbane" {heavy, rElec rPois
                  | Int-3 Stlth+}
  3559 | D:3      | Reached XP level 5. HP: 12/38 MP: 2/9
  4086 | D:4      | Noticed Dowan
  4577 | D:4      | Reached skill level 6 in Conjurations
  4931 | D:4      | Reached XP level 6. HP: 45/45 MP: 7/11
  5309 | D:4      | Reached skill level 1 in Evocations
  5427 | D:4      | Identified the +1 scale mail of the Moon {Contam rPois MP+9
                  | Dex+7}
  5427 | D:4      | Noticed Duvessa
  5441 | D:4      | Killed Duvessa
  5451 | D:4      | Killed Dowan
  5452 | D:4      | Reached skill level 7 in Conjurations
  5636 | D:5      | Entered Level 5 of the Dungeon
  5658 | D:5      | Your scales start taking on a pale cyan-grey colour.
  5658 | D:5      | Reached XP level 7. HP: 50/50 MP: 4/12
  5658 | D:5      | Gained mutation: You are immune to the effects of steam.
                  | [Pale Draconian growth]
  5929 | D:5      | Reached skill level 8 in Conjurations
  6542 | D:5      | Reached skill level 9 in Conjurations
  6542 | D:5      | Reached skill level 1 in Fighting
  6620 | D:5      | Reached XP level 8. HP: 59/59 MP: 13/13
  6665 | D:5      | Found a staircase to the Ecumenical Temple.
  6678 | Temple   | Entered the Ecumenical Temple
  6751 | Temple   | Became a worshipper of Vehumet
  7040 | D:5      | Reached skill level 10 in Conjurations
  7313 | D:5      | Reached * piety under Vehumet
  7313 | D:5      | Offered knowledge of Sandblast by Vehumet.
  7876 | D:5      | Reached skill level 11 in Conjurations
  7963 | D:5      | Noticed Grum
  7967 | D:5      | Killed Grum
  8093 | D:5      | Reached XP level 9. HP: 64/64 MP: 10/14
  8131 | D:5      | Learned a level 4 spell: Iskenderun's Mystic Blast
  8263 | D:6      | Found a sand-covered staircase.
  8271 | Ossuary  | Entered an ossuary
  8875 | D:6      | Reached skill level 12 in Conjurations
  8880 | D:6      | Offered knowledge of Shock by Vehumet.
  8883 | D:6      | Learned a level 1 spell: Shock
  9227 | D:6      | Found Tuetiw's Antique Armour Shoppe.
  9484 | D:6      | Found a hide-covered altar of Uskayaw.
  9484 | D:6      | Found an ancient bone altar of Kikubaaqudgha.
  9492 | D:6      | Found a shimmering blue altar of Sif Muna.
  9494 | D:6      | Found a faded altar of an unknown god.
  9496 | D:6      | Found a faded altar of an unknown god.
  9617 | D:6      | Found a white marble altar of Elyvilon.
  9764 | D:6      | Found a basalt altar of Yredelemnul.
  9765 | D:6      | Reached ** piety under Vehumet
  9902 | D:6      | Found an opulent altar of Gozag.
 10424 | D:7      | You fall into a shaft and drop 2 floors!
 10517 | D:9      | Noticed a two-headed ogre
 10522 | D:8      | Found a stormy altar of Qazlal.
 10766 | D:8      | Reached skill level 5 in Spellcasting
 10899 | D:8      | Reached skill level 13 in Conjurations
 10901 | D:8      | Reached XP level 10. HP: 80/80 MP: 13/17
 10942 | D:8      | Noticed Psyche
 10948 | D:8      | Killed Psyche
 10949 | D:8      | Reached skill level 5 in Fighting
 11321 | D:7      | Offered knowledge of Poisonous Vapours by Vehumet.
 11368 | D:7      | Learned a level 2 spell: Poisonous Vapours
 11541 | D:7      | Reached skill level 1 in Poison Magic
 12191 | D:7      | Found a glowing silver altar of Zin.
 12282 | D:7      | Reached skill level 5 in Evocations
 12283 | D:7      | Reached skill level 1 in Air Magic
 13560 | D:9      | Reached *** piety under Vehumet
 13706 | D:9      | Learned a level 4 spell: Sticky Flame
 13710 | D:9      | Learned a level 3 spell: Ignite Poison
 13744 | D:9      | Found a shimmering altar of Xom.
 13872 | D:9      | Killed a two-headed ogre
 13873 | D:9      | Reached skill level 5 in Air Magic
 14396 | D:10     | Entered Level 10 of the Dungeon
 14474 | D:10     | Found a staircase to the Orcish Mines.
 14474 | D:10     | Noticed a gargoyle
 14490 | D:10     | Killed a gargoyle
 15015 | D:10     | Reached XP level 11. HP: 86/86 MP: 10/18
 15533 | D:10     | Paralysed by a spriggan for 2 turns
 15879 | D:10     | Noticed Snorg
 15888 | D:10     | Killed Snorg
 15889 | D:10     | Reached skill level 5 in Fire Magic
 16469 | D:10     | Found a hazy altar of Hepliaklqana.
 16470 | D:10     | Found a faded altar of an unknown god.
 17333 | D:11     | Offered knowledge of Airstrike by Vehumet.
 17915 | D:11     | Learned a level 4 spell: Olgreb's Toxic Radiance
 18158 | D:11     | Noticed Lodul
 18812 | D:11     | Found a staircase to the Lair.
 19336 | D:11     | Killed from afar by a gargoyle

Illustrated notes

Levels and vault maps discovered:
D:1:      amcnicky_arrival_gap_in_the_tavern_cellar, layout_basic,
          minmay_misc_feat_plants, chequers_decorated_corner
D:2:      layout_basic
D:3:      layout_basic
D:4:      layout_basic, abandoned_shop, uniq_duvessa
D:5:      layout_cave_pools, minmay_temple_entry_water_ring, serial_gnoll_camp,
          gnoll_camp_mini_doghouse, gnoll_camp_mini_sergeant,
          gnoll_camp_mini_basic, gnoll_camp_mini_hut, grums_kennel,
          minmay_quadrilaterals
D:6:      kennysheep_steamy, layout_basic, elyvilon_altar_3,
          lemuel_coloured_pillars_altar, yredelemnul_forgotten_temple_becter,
          chequers_temple_overflow_minitemple, serial_shops,
          nicolae_stop_n_shop_2, enter_ossuary_1
D:7:      layout_layer_cave, mainiacjoe_overflow_boulevard, nrook_uturn,
          nicolae_hexahallways
D:8:      layout_basic, mainiacjoe_overflow_tiny_flanked, uniq_grum, uniq_psyche
D:9:      layout_basic, lemuel_doored_altar
D:10:     layout_long_grid, beargit_hepliaklqana_dungeon_heroes, orc_0_dummy,
          uniq_snorg
D:11:     layout_cave_pods, due_lair_maze_entry_diamond,
          chequers_serial_rivers_large_b, uniq_lodul
Temple:   hc_temple_tempest_star

Skill      XL: |  1  2  3  4  5  6  7  8  9 10 11 |
---------------+----------------------------------+-----
Conjurations   | 5 6 7 9 11 13 | 13.0
Spellcasting   | 3 5 6 |  6.7
Evocations     | 2 3 6 |  6.0
Fighting       | 1 4 5 |  5.0
Poison Magic   | 3 4 |  4.6
Air Magic      | 5 6 |  6.8
Fire Magic     | 4 6 |  6.3
Dodging        | |  1.7
Stealth        | |  1.7

Action                     |  1- 3 |  4- 6 |  7- 9 | 10-12 || total
---------------------------+-------+-------+-------+-------++-------
  Melee: Trident           |     9 |    22 |    56 |    26 ||   113
         Tailslap          |       |     2 |     6 |     5 ||    13
         Punch             |       |       |     2 |     1 ||     3
   Cast: Magic Dart        |    46 |    49 |    20 |       ||   115
         Searing Ray       |    16 |    26 |    52 |    30 ||   124
         Shock             |       |       |    24 |    38 ||    62
         Iskenderun's Myst |       |       |    16 |    21 ||    37
         Poisonous Vapours |       |       |       |    49 ||    49
         Ignite Poison     |       |       |       |    18 ||    18
         Sticky Flame      |       |       |       |     6 ||     6
         Olgreb's Toxic Ra |       |       |       |     5 ||     5
Ability: Breathe Steam     |       |       |    19 |    12 ||    31
  Evoke: Wand              |       |     4 |       |     8 ||    12
    Use: Scroll            |       |     2 |     2 |     6 ||    10
         Potion            |       |     1 |       |     1 ||     2
   Stab: Sleeping          |     1 |       |       |       ||     1
 Armour: Skin              |       |     7 |    30 |    12 ||    49
  Dodge: Dodged            |     6 |    16 |    67 |    34 ||   123
  Block: Other             |       |    11 |    37 |    15 ||    63
         Reflection        |       |       |     1 |     1 ||     2

Table legend: (Time is in decaauts)
 A = Elapsed time spent in this place.
 B = Non-inter-level travel time spent in this place.
 C = Inter-level travel time spent in this place.
 D = Time resting spent in this place.
 E = Time spent auto-exploring this place.
 F = Levels seen in this place.
 G = Mean time per level.
                   A        B        C        D        E       F      G
               +--------+--------+--------+--------+--------+-----+--------+
         Total |  19404 |  18684 |    720 |   7988 |   8436 |  13 | 1492.6 |
       Dungeon |  18739 |  18030 |    709 |   7531 |   8345 |  11 | 1703.5 |
        Temple |     85 |     74 |     11 |      0 |     49 |   1 |   85.0 |
       Ossuary |    578 |    578 |      0 |    457 |     42 |   1 |  578.0 |
               +--------+--------+--------+--------+--------+-----+--------+

Top non-repeatable levels by time:
    D:10: 4069 daAuts
     D:5: 2261 daAuts
     D:1: 1988 daAuts
     D:7: 1949 daAuts
     D:9: 1535 daAuts
     D:3: 1504 daAuts
     D:4: 1461 daAuts
     D:6: 1180 daAuts
     D:8: 987 daAuts
     D:2: 922 daAuts
    D:11: 878 daAuts
 Ossuary: 578 daAuts
  Temple: 85 daAuts
